 Dungeon Crawl Stone Soup version 0.31.0-12-g77e489cdc1 (webtiles) character file.

Game seed: 7877315565171166749

8290 hawla the Carver (level 11, -8/80 (84) HPs)
             Began as a Minotaur Fighter on Feb 19, 2024.
             Was an Initiate of Yredelemnul.
             Mangled by a sixfirhy (11 damage)
             ... on level 1 of the Abyss.
             The game lasted 00:24:17 (9490 turns).

hawla the Carver (Minotaur Fighter)                 Turns: 9490, Time: 00:24:17

HP:   -8/80 (84)    AC: 21    Str: 25    XL:     11   Next: 8%
MP:   0/10          EV:  6    Int:  4    God:    Yredelemnul [......]
Gold: 1044          SH:  8    Dex: 13    Spells: 10/10 levels left

rFire   + . .        a - +2 long sword
rCold   . . .        j - +0 kite shield
rNeg    . . .        B - +0 plate armour
rPois   .            (helmet restricted)
rElec   .            A - +0 cloak
rCorr   .            r - +2 pair of gloves
SInv    .            (no boots)
Will    .....        n - amulet of guardian spirit Stlth
                     p - ring of protection from fire
HPRegen 0.33/turn    q - ring of flight
MPRegen 0.12/turn

%: guardian spirit
@: flying, lightly drained
A: horns 2, retaliatory headbutt, strong 1, inability to drink after injury 1
a: Renounce Religion, Recall Undead Harvest


You were on level 1 of the Abyss.
You worshipped Yredelemnul.
Yredelemnul was noncommittal.
You visited 2 branches of the dungeon, and saw 11 of its levels.
You visited the Abyss 1 time.

You collected 1324 gold pieces.
You spent 280 gold pieces at shops.

Inventory:

Hand Weapons
 a - a +2 long sword (weapon)
 G - a +2 scimitar of flaming
Missiles
 k - 20 poisoned darts (quivered)
 l - 5 atropa-tipped darts
 y - a curare-tipped dart
 F - a throwing net
Armour
 j - a +0 kite shield (worn)
 r - a +2 pair of gloves (worn)
 A - a +0 cloak (worn)
 B - a +0 plate armour (worn)
Jewellery
 f - a ring of ice
 n - an amulet of guardian spirit (around neck)
 p - a ring of protection from fire (left hand)
 q - a ring of flight (right hand)
 v - a ring of ice
 D - a +4 ring of protection
 E - an amulet of reflection
Wands
 u - a wand of charming (9)
 C - a wand of digging (6)
Scrolls
 b - 2 scrolls of vulnerability
 c - a scroll of revelation
 h - 5 scrolls of teleportation
 x - 3 scrolls of fog
Potions
 d - a potion of might
 e - a potion of cancellation
 g - a potion of enlightenment
 i - 3 potions of haste
 o - a potion of brilliance
 t - a potion of attraction
 z - a potion of curing


   Skills:
 - Level 4.0 Fighting
 - Level 14.0 Long Blades
 - Level 6.0 Throwing
 + Level 13.5 Armour
 - Level 3.6 Shields


You had 10 spell levels left.
You didn't know any spells.
Your spell library was empty.

Dungeon Overview and Level Annotations

Branches:
Dungeon (10/15)            Temple (1/1) D:4             Orc (0/2) D:9
   Lair: D:8-11

Altars:
Ashenzari
Cheibriados
Dithmenos
Elyvilon
Fedhas
Gozag
Hepliaklqana
Kikubaaqudgha
Makhleb
Nemelex Xobeh
Okawaru
Qazlal
Ru
Sif Muna
Trog
Uskayaw
Vehumet
Wu Jian
Xom
Yredelemnul
Zin
The Shining One

Shops:
D:8 *

Annotations:
D:7 2 runed translucent doors, mkat's ghost, novice OpSu
D:10 Sonja


Innate Abilities, Weirdness & Mutations

You have a pair of horns on your head.
You reflexively headbutt those who attack you in melee.
Your muscles are strong. (Str +4, Int/Dex -1)
You occasionally lose the ability to drink potions when taking damage.


Message History

The ufetubus barely misses you.
The ynoxinul hits you but does no damage.
The ufetubus hits you but does no damage.
You block the ufetubus's attack.
You hit the thrashing horror but do no damage.
The thrashing horror is almost destroyed.
You are suddenly pulled into a different region of the Abyss!
The ufetubus disappears in a puff of smoke! x6
You start resting.
A wretched star comes into view.
You start resting.
A wretched star is nearby!
You start resting.
A sixfirhy comes into view.
The sixfirhy moves out of view.
You start resting.
A sixfirhy is nearby!
Aiming: Charm
Press: ? - help, Shift-Dir - straight line, f - sixfirhy
Aim: a sixfirhy (wandering, hasn't noticed you, chance to affect: 17%)
The sixfirhy resists with almost no effort.
Unknown command.
You start removing your amulet.
You continue taking off your amulet of guardian spirit. x2
The sixfirhy hits you.
You stop removing your amulet.
The sixfirhy shocks you! The sixfirhy hits you.
* * * LOW HITPOINT WARNING * * *
The sixfirhy shocks you!
* * * LOW HITPOINT WARNING * * *
You closely miss the sixfirhy.
The sixfirhy hits you but does no damage.
The sixfirhy hits you.
* * * LOW HITPOINT WARNING * * *
The sixfirhy shocks you!
* * * LOW HITPOINT WARNING * * *
The sixfirhy hits you.
* * * LOW HITPOINT WARNING * * *
The sixfirhy shocks you!
You die...
Your body rises from the dead as a mindless zombie.

..#~~ . . .# ..
. ~~##..##.#
#.~ .......# #~
.#.#..# # # ♣
... . .# #.~ .
..#....# #.~♣≈.
..#...#.
#.~~≈##........
#.~~~3@.# .. #
#.~~≈#..##.. .
#.♣~ #### .#.
.# ####. #


You could see a sixfirhy.

Vanquished Creatures
  Harold (D:9)
  Maurice (D:7)
  A cyclops (D:9)
  Maggie (D:9)
  A troll (D:10)
  A hornet (D:10)
  Prince Ribbit (D:7)
  Grinder (D:3)
  A shadow (D:10)
  A wraith (D:10)
  4 yaks (D:8)
  2 steam dragons
  Menkaure (D:7)
  A water moccasin (D:5)
  3 orc warriors (D:9)
  An ogre (D:6)
  2 centaurs
  2 kobold brigands
  4 bullfrogs
  6 scorpions
  A gnoll sergeant (D:6)
  6 wights
  13 killer bees
  2 electric eels (D:9)
  4 howler monkeys
  3 bombardier beetles
  2 hounds
  A jelly (D:7)
  2 orc priests (D:9)
  4 iguanas
  A sleepcap (D:6)
  5 orc wizards
  10 gnolls
  4 adders
  A shadow imp (D:3)
  4 ufetubi
  2 ribbon worms
  2 dart slugs
  17 orcs
  7 ball pythons
  4 endoplasms (D:1)
  7 giant cockroaches
  7 hobgoblins
  21 kobolds
  2 quokkas (D:4)
  6 bats
  4 frilled lizards
  5 goblins
  6 rats
189 creatures vanquished.

Vanquished Creatures (collateral kills)
  Erica (D:9)
  A shadow (D:10)
  A warg (D:9)
  An orc warrior (D:9)
  2 wolves (D:9)
  2 wights (D:9)
  A killer bee (D:9)
9 creatures vanquished.

Vanquished Creatures (others)
  A human zombie (D:9)
  A troll zombie (D:10)
  2 orc wizards (D:10)
  3 killer bee zombies (D:9)
  7 orc zombies (D:9)
  A kobold zombie (D:9)
  A spectral ufetubus (Abyss:1)
  3 foxfires (Abyss:1)
19 creatures vanquished.

Grand Total: 217 creatures vanquished

Notes
Turn   | Place    | Note
-------+----------+-------------------------------------------
     0 | D:1      | hawla the Minotaur Fighter began the quest for the Orb.
     0 | D:1      | Reached XP level 1. HP: 19/19 MP: 0/0
   294 | D:1      | Reached skill level 3 in Long Blades
   294 | D:1      | Reached XP level 2. HP: 27/27 MP: 1/1
  1144 | D:2      | Reached skill level 4 in Long Blades
  1144 | D:2      | Reached XP level 3. HP: 30/33 MP: 2/2
  1284 | D:2      | Found a glowing silver altar of Zin.
  1863 | D:3      | Noticed Grinder
  1864 | D:3      | Paralysed by Grinder for 5 turns
  1985 | D:3      | Reached skill level 5 in Long Blades
  2029 | D:3      | Reached XP level 4. HP: 40/40 MP: 3/3
  2064 | D:3      | Paralysed by Grinder for 3 turns
  2080 | D:3      | Paralysed by Grinder for 2 turns
  2082 | D:3      | Killed Grinder
  2083 | D:3      | Reached skill level 7 in Long Blades
  2083 | D:3      | Reached XP level 5. HP: 14/46 MP: 4/4
  2083 | D:3      | Reached XP level 6. HP: 16/52 MP: 5/5
  2471 | D:3      | Identified a scroll of acquirement
  2471 | D:3      | Acquired 899 gold pieces
  2609 | D:4      | Reached skill level 8 in Long Blades
  2905 | D:4      | Found a staircase to the Ecumenical Temple.
  3222 | Temple   | Entered the Ecumenical Temple
  3251 | D:5      | Entered Level 5 of the Dungeon
  3349 | D:5      | Reached skill level 9 in Long Blades
  3349 | D:5      | Reached XP level 7. HP: 59/59 MP: 6/6
  3462 | D:5      | Reached skill level 10 in Long Blades
  3737 | D:5      | Reached skill level 11 in Long Blades
  3747 | D:5      | Reached XP level 8. HP: 54/66 MP: 7/7
  4030 | D:6      | Reached skill level 12 in Long Blades
  4184 | D:6      | Gained mutation: You occasionally lose the ability to drink
                  | potions when taking damage. [potion of mutation]
  4184 | D:6      | Gained mutation: Your muscles are strong. (Str +4, Int/Dex
                  | -1) [potion of mutation]
  4527 | D:6      | Found Fieshriz's General Store.
  4872 | D:7      | Reached skill level 13 in Long Blades
  5067 | D:7      | Found a large runed translucent door.
  5068 | D:7      | Found a large runed translucent door.
  5071 | D:7      | Noticed mkat's ghost (novice OpSu)
  5107 | D:7      | Noticed Maurice
  5137 | D:7      | Noticed Prince Ribbit
  5210 | D:7      | Noticed Menkaure
  5221 | D:7      | Killed Menkaure
  5222 | D:7      | Reached XP level 9. HP: 13/71 MP: 2/8
  5330 | D:7      | Reached skill level 14 in Long Blades
  5459 | D:8      | Reached skill level 1 in Throwing
  5524 | D:8      | Reached skill level 5 in Throwing
  5745 | D:7      | Killed Prince Ribbit
  5779 | D:7      | Maurice stole a ring of ice
  5782 | D:7      | Maurice stole 778 gold
  5786 | D:7      | Maurice stole 413 gold
  5821 | D:7      | Killed Maurice
  5822 | D:7      | Reached skill level 5 in Armour
  6603 | D:8      | Found Qoba's Assorted Antiques.
  6948 | D:8      | Bought a potion of curing for 84 gold pieces
  6948 | D:8      | Bought a long ivory wand for 112 gold pieces
  6948 | D:8      | Bought a potion of curing for 84 gold pieces
  7062 | D:9      | Found a basalt altar of Yredelemnul.
  7096 | D:9      | Became a worshipper of Yredelemnul the Dark
  7104 | D:9      | Found a stormy altar of Qazlal.
  7147 | D:9      | Reached * piety under Yredelemnul
  7158 | D:9      | Reached XP level 10. HP: 38/78 MP: 3/9
  7552 | D:9      | Noticed Maggie
  7569 | D:9      | Killed Maggie
  7623 | D:9      | Noticed Harold
  7640 | D:9      | Killed Harold
  7641 | D:9      | Reached skill level 10 in Armour
  7642 | D:9      | Noticed Erica
  8020 | D:9      | Noticed a cyclops
  8029 | D:9      | Killed a cyclops
  8198 | D:9      | Found a staircase to the Orcish Mines.
  8209 | D:9      | Your ally Harold died
  8437 | D:9      | Killed Erica
  8477 | D:10     | Entered Level 10 of the Dungeon
  8927 | D:10     | Reached XP level 11. HP: 54/84 MP: 6/10
  9168 | D:10     | Noticed Sonja
  9175 | D:10     | Paralysed by a hornet for 2 turns
  9189 | Abyss:1  | Cast into level 1 of the Abyss (Sonja)
  9407 | Abyss:1  | Noticed a thrashing horror
  9412 | Abyss:1  | Found a corrupted altar of Lugonu.
  9412 | Abyss:1  | Found a corrupted altar of Lugonu.
  9443 | Abyss:1  | Noticed a wretched star
  9481 | Abyss:1  | Noticed a sixfirhy
  9490 | Abyss:1  | HP: 3/80 [sixfirhy (4)]
  9490 | Abyss:1  | Mangled by a sixfirhy

Illustrated notes

Levels and vault maps discovered:
D:1:      matt_arrival_los_fun, layout_loops_corners
D:2:      layout_basic, basic_altar, nicolae_houndstooth_variations
D:3:      layout_rooms, uniq_grinder
D:4:      layout_rooms, minmay_temple_entry_enclosed_plants
D:5:      layout_rooms, chequers_serial_rivers_small_b
D:6:      layout_basic, serial_shops, nicolae_shop_statue_plus
D:7:      layout_rooms, ebering_ghost_disaster_area, uniq_maurice,
          uniq_prince_ribbit1, uniq_menkaure
D:8:      layout_basic, serial_shops, nicolae_shop_statue_plus,
          interstate_on_off
D:9:      layout_long_grid, mainiacjoe_overflow_big_doors,
          minmay_orc_entry_guard_dogs, lightli_minifort, uniq_erica,
          uniq_harold, uniq_maggie
D:10:     layout_roguey, special_room [special_room_orc], uniq_sonja,
          uniq_erolcha
Temple:   nicolae_temple_bog_church
Abyss:1:  base:
D:5

Skill      XL: |  1  2  3  4  5  6  7  8  9 10 |
---------------+-------------------------------+-----
Fighting       | 4 |  4.0
Long Blades    | 3 4 5 7 9 11 13 14 | 14.0
Throwing       | 6 |  6.0
Armour         | 7 13 | 13.5
Shields        | |  3.6

Action                     |  1- 3 |  4- 6 |  7- 9 | 10-12 || total
---------------------------+-------+-------+-------+-------++-------
  Melee: Long sword        |    90 |   105 |   340 |   244 ||   779
         Headbutt          |    12 |    16 |    55 |    39 ||   122
  Throw: Dart              |       |       |    12 |     4 ||    16
 Invoke: Recall Undead Har |       |       |       |     1 ||     1
  Evoke: Wand              |       |       |       |    16 ||    16
    Use: Potion            |     1 |     1 |    13 |     2 ||    17
         Scroll            |     5 |     7 |     9 |     9 ||    30
 Armour: Scale mail        |    67 |    68 |   246 |       ||   381
         Skin              |     1 |     2 |       |       ||     3
         Plate armour      |       |       |    34 |   379 ||   413
  Dodge: Dodged            |    34 |    40 |   130 |   110 ||   314
  Block: Buckler           |     9 |    15 |    21 |       ||    45
         Kite shield       |       |       |   112 |   184 ||   296
